 Dungeon Crawl Stone Soup version 0.28-a0-823-gb444dcf96d (webtiles) character file.

Game seed: 1778034583623263862

14518 Rennog the Summoner (level 12, -27/91 HPs)
             Began as a Gnoll Summoner on Nov 9, 2021.
             Was an Elder of Vehumet.
             Killed by an exploding themself (30 damage)
             ... ignited by their inner flame
             ... in a Gauntlet on Nov 10, 2021.
             The game lasted 00:48:27 (14826 turns).

Rennog the Summoner (Gnoll Summoner)               Turns: 14826, Time: 00:48:27

Health: -27/91     AC:  7    Str: 11    XL:     12   Next: 17%
Magic:  17/24      EV: 16    Int: 15    God:    Vehumet [****..]
Gold:   528        SH:  0    Dex: 14    Spells: 4/28 levels left

rFire   . . .      SeeInvis .   G - +4 quarterstaff (spect)
rCold   . . .      Faith    .   (shield currently unavailable)
rNeg    . . .      Spirit   .   a - +0 robe
rPois   +          Reflect  .   (no helmet)
rElec   .          Harm     .   (no cloak)
rCorr   .          Rampage  .   n - +2 pair of gloves
Will    .....      NoTele   +   k - +0 pair of boots
Stlth   ++++......              g - amulet of magic regeneration
HPRegen 0.25/turn               d - ring of poison resistance
MPRegen 0.44/turn               (no ring)

@: studying Unarmed Combat
A: fangs 1, strong nose, distributed training
a: Renounce Religion


You were in a Gauntlet.
You worshipped Vehumet.
Vehumet was greatly pleased with you.
You visited 2 branches of the dungeon, and saw 12 of its levels.
You also visited: Bailey and Gauntlet.

You collected 528 gold pieces.

Inventory:

Hand Weapons
 v - a +1 mace of protection
 G - a +4 spectral quarterstaff (weapon)
Missiles
 y - 3 throwing nets
Armour
 a - a +0 robe (worn)
 k - a +0 pair of boots (worn)
 n - a +2 pair of gloves (worn)
Magical Staves
 b - a staff of fire
 i - a staff of cold
 l - a staff of earth
Jewellery
 d - a ring of poison resistance (left hand)
 g - an amulet of magic regeneration (around neck)
Wands
 t - a wand of acid (9)
 D - a wand of iceblast (25)
 K - a wand of polymorph (11)
Scrolls
 e - 5 scrolls of teleportation
 f - a scroll of enchant armour
 m - 3 scrolls of enchant weapon
 r - a scroll of magic mapping {unknown}
 u - a scroll of amnesia {unknown}
 w - a scroll of vulnerability {unknown}
 B - a scroll of summoning {unknown}
 F - a scroll of noise {unknown}
 J - a scroll of torment {unknown}
Potions
 c - 2 potions of mutation
 h - a potion of cancellation
 j - a potion of flight {unknown}
 o - a potion of degeneration {unknown}
 p - a potion of curing {unknown}
 q - a potion of magic {unknown}
 s - 2 potions of ambrosia {unknown}
 z - a potion of lignification {unknown}
 A - a potion of brilliance {unknown}
 C - 2 potions of attraction {unknown}
 H - a potion of resistance {unknown}
 I - a potion of might {unknown}
 L - a potion of invisibility {unknown}
Miscellaneous
 E - a phial of floods


   Skills:
 + Level 7.0 Fighting
 + Level 7.0 Short Blades
 + Level 7.0 Long Blades
 + Level 7.0 Axes
 + Level 7.0 Maces & Flails
 + Level 7.0 Polearms
 + Level 7.0 Staves
 + Level 7.0 Slings
 + Level 7.0 Bows
 + Level 7.0 Crossbows
 + Level 7.0 Throwing
 + Level 7.0 Armour
 + Level 8.5 Dodging
 + Level 8.2 Stealth
 + Level 7.0 Shields
 + Level 8.6 Unarmed Combat
 + Level 8.7 Spellcasting
 + Level 5.8 Conjurations
 + Level 5.8 Hexes
 + Level 9.3 Summonings
 + Level 5.8 Necromancy
 + Level 5.8 Translocations
 + Level 5.8 Transmutations
 + Level 5.8 Fire Magic
 + Level 5.8 Ice Magic
 + Level 5.8 Air Magic
 + Level 5.8 Earth Magic
 + Level 5.8 Poison Magic
 + Level 7.7 Invocations
 + Level 7.0 Evocations


You had 4 spell levels left.
You knew the following spells:

 Your Spells              Type           Power      Damage    Failure   Level
a - Summon Small Mammal   Summ           100%       N/A       1%          1
b - Call Imp              Summ           34%        N/A       1%          2
c - Call Canine Familiar  Summ           34%        N/A       1%          3
d - Summon Guardian Gole  Hex/Summ       29%        N/A       1%          3
e - Mephitic Cloud        Conj/Pois/Air  24%        N/A       1%          3
f - Summon Lightning Spi  Summ/Air       29%        N/A       4%          4
g - Airstrike             Air            12%        N/A       2%          4
h - Summon Ice Beast      Ice/Summ       29%        N/A       4%          4

Your spell library contained the following spells:

 Spells                   Type           Power      Damage    Failure   Level
 Freezing Cloud           Conj/Ice/Air   12%        6-21      8%          5
 Frozen Ramparts          Ice            48%        1d6       1%          3
 Ice Form                 Ice/Tmut       24%        N/A       10%         4
 Spellforged Servitor     Conj/Summ      14%        N/A       67%         7
 Dispersal                Tloc           12%        N/A       83%         6
 Orb of Destruction       Conj           12%        9d6       88%         7
 Disjunction              Tloc           12%        N/A       100%        8


Dungeon Overview and Level Annotations

Branches:
Dungeon (10/15)              Lair (3/6) D:9          Shoals (0/4) Lair:2
 Spider (0/4) Lair:2          Orc (0/2) D:9          Bailey (visited)
Gauntlet (1/1)
 Temple: D:4-7

Altars:
Elyvilon
Hepliaklqana
Uskayaw
Vehumet
Wu Jian

Shops:
D:1 *   D:8 **

Annotations:
Lair:2 exclusion: oklob plant Gauntlet 13 transporters, 17 runed translucent doors, exclusions: 2 lightning spires and orange crystal statue


Innate Abilities, Weirdness & Mutations

You have very sharp teeth.
Your uncanny sense of smell can sniff out nearby items.
Your experience applies equally to all skills.


Message History

You kill the elephant!
Vehumet accepts your kill.
You feel your power returning.
Your guardian golem is engulfed in blazing flames.
Flame seeps out of your guardian golem. The elephant misses you.
The elephant barely misses you. The dire elephant tramples you!!
You hold your ground!
The dire elephant trunk-slaps you but does no damage.
You hit the dire elephant but do no damage.
The dire elephant is lightly wounded.
Your +4 spectral quarterstaff hits the dire elephant!
Your lightning spire shoots out a bolt of lightning at the dire elephant!
The bolt of electricity hits the dire elephant!
Your guardian golem is engulfed in blazing flames.
Flame seeps out of your guardian golem. The elephant completely misses you.
The elephant trunk-slaps you but does no damage.
The dire elephant splashes around in the water.
The dire elephant trunk-slaps you!
You hit the dire elephant but do no damage.
The dire elephant is moderately wounded.
Your +4 spectral quarterstaff hits the dire elephant!
The elephant tramples you!
You hold your ground!
The elephant barely misses you. The dire elephant tramples you!!
* * * LOW HITPOINT WARNING * * *
You hold your ground!
The dire elephant splashes around in the water.
You swap places.
Your lightning spire shoots out a bolt of lightning at the dire elephant!
The bolt of electricity hits the dire elephant!
The dire elephant misses you. The dire elephant trunk-slaps you.
* * * LOW HITPOINT WARNING * * *
The elephant tramples your guardian golem.
Flame seeps out of your guardian golem.
Your guardian golem holds its ground!
The elephant trunk-slaps your guardian golem.
Your guardian golem disappears in a puff of smoke!
Your guardian golem explodes!
The fiery explosion engulfs the elephant!!
The fiery explosion engulfs the dire elephant!!
The fiery explosion engulfs you!!
You die...

.#.........#.#..#...#..#.#..#8# #
.#..$.©!..x#.#...#.#...#.#..#####
########################.#.......
......©.........©#≈≈8§§#.#.......
########################.########
©#≈≈≈≈8§§§≈#©...........©........
#################################
....h#.#..≈≈...≈h#.#...*.....#.#h
...#.#.#.≈..≈..§@#.#x#.....#.#.#.
..##.#.#.≈.≈≈.≈Y○#.#..#####..#.#.
.##..#.#≈.≈...≈Y8#.#..##x##..#.#.
©....#.#≈..≈.≈.≈≈#.#....©....#.#.
###..#.#.≈.≈≈≈.≈.#.#..##.##..#.#.
..##.#.#.≈≈...≈..#.#..#####..#.#.
8..#.#.#.≈...≈.≈.#.#.#.....#x#.#.
©[?.h#.#?.≈?©..≈[#.#...!©":*x#.#.
######.###########.###########.##


You could see a dire elephant (ally target), a wretched star (wandering), an
elephant, a worldbinder, a small abomination, a friendly lightning spire
(summoned, sheltered) and a friendly hound (summoned, sheltered).

Vanquished Creatures
  A moth of wrath (Gauntlet)
  An elephant (Gauntlet)
  A cane toad (Lair:2)
  A black mamba (Lair:1)
  A komodo dragon (Lair:2)
  4 yaks
  2 water moccasins (Lair:2)
  An ice beast (D:6)
  A black bear (Lair:2)
  3 wolves
  A centaur (D:8)
  A boggart (Gauntlet)
  A kobold brigand (D:9)
  4 bullfrogs
  5 scorpions (Lair:2)
  2 electric eels (D:9)
  A bullfrog zombie (D:6)
  2 hounds (D:9)
  2 gnolls (D:8)
  An adder (D:4)
  A shadow imp (D:7)
  A dart slug (D:1)
  3 orcs
  3 bats
  An endoplasm (D:1)
  2 giant cockroaches (Lair:2)
  A hobgoblin (D:3)
  2 jackals (D:2)
  3 kobolds
  3 quokkas
  A frilled lizard (D:1)
  A goblin skeleton (D:9)
  A hobgoblin skeleton (D:9)
  An orc skeleton (D:9)
  3 orc zombies (D:9)
  4 rats
67 creatures vanquished.

Vanquished Creatures (collateral kills)
  A hydra (Lair:2)
  A two-headed ogre (D:8)
  3 cane toads
  A komodo dragon (Lair:1)
  A hornet (D:9)
  A wyvern (D:8)
  A basilisk (Lair:2)
  2 steam dragons
  7 yaks
  An acid dragon (D:9)
  3 water moccasins
  A black bear (D:8)
  A necrophage (D:7)
  A boggart (Gauntlet)
  7 wolves
  2 centaurs
  3 phantoms
  A kobold brigand (D:6)
  A gnoll sergeant (D:8)
  3 bullfrogs
  2 scorpions
  A water moccasin skeleton (D:6)
  2 troll zombies (D:9)
  2 wights (D:8)
  An electric eel (D:9)
  A howler monkey (D:7)
  A crimson imp (D:7)
  4 hounds (D:9)
  A jelly (D:4)
  A centaur skeleton (D:6)
  2 orc priests
  An iguana (D:4)
  2 orc wizards
  6 ogre zombies (D:9)
  7 adders
  9 gnolls
  A white imp (D:7)
  An adder skeleton (D:4)
  A worm (D:2)
  3 dart slugs
  15 orcs
  A bat (D:2)
  6 endoplasms
  2 giant cockroaches (D:2)
  5 goblins
  8 hobgoblins
  3 jackals
  11 kobolds
  3 quokkas (D:2)
  3 ball pythons
  A goblin skeleton (D:9)
  A goblin zombie (D:9)
  A hobgoblin skeleton (D:9)
  A hobgoblin zombie (D:9)
  4 orc skeletons (D:9)
  11 orc zombies (D:9)
  6 rats
173 creatures vanquished.

Vanquished Creatures (others)
  A hydra (D:8)
  Joseph (Lair:1)
  A komodo dragon (Lair:1)
  A troll (D:9)
  6 yaks
  A steam dragon (D:8)
  Grum (D:9)
  A water moccasin (Lair:2)
  A boggart (Gauntlet)
  An ogre (D:6)
  A wolf (D:9)
  Blork the orc (D:4)
  3 gnoll sergeants (Bailey)
  A scorpion (Lair:2)
  2 howler monkeys (D:7)
  5 wights
  3 hounds
  A gnoll shaman (Bailey)
  An orc priest (D:7)
  2 orc wizards (D:7)
  7 gnolls
  2 orcs (D:7)
  7 fungi
  5 plants
56 creatures vanquished.

Grand Total: 296 creatures vanquished

Notes
Turn   | Place    | Note
-------+----------+-------------------------------------------
     0 | D:1      | Rennog the Gnoll Summoner began the quest for the Orb.
     0 | D:1      | Reached XP level 1. HP: 13/13 MP: 6/6
   252 | D:1      | Reached XP level 2. HP: 4/19 MP: 5/7
   611 | D:1      | Learned a level 2 spell: Call Imp
   890 | D:1      | Found a faded altar of an unknown god.
  1002 | D:1      | Prayed at the altar of an unknown god.
  1002 | D:1      | Became a worshipper of Vehumet
  1002 | D:1      | Reached * piety under Vehumet
  1002 | D:1      | Offered knowledge of Shock by Vehumet.
  1140 | D:1      | Reached XP level 3. HP: 25/25 MP: 9/9
  1249 | D:1      | Found Kitiomar's General Store.
  1460 | D:2      | Reached skill level 5 in Spellcasting
  1465 | D:2      | Learned a level 3 spell: Call Canine Familiar
  1526 | D:2      | Reached skill level 1 in Invocations
  1925 | D:2      | Reached skill level 1 in Fighting
  1925 | D:2      | Reached skill level 1 in Short Blades
  1925 | D:2      | Reached skill level 1 in Long Blades
  1925 | D:2      | Reached skill level 1 in Axes
  1925 | D:2      | Reached skill level 1 in Maces & Flails
  1925 | D:2      | Reached skill level 1 in Polearms
  1925 | D:2      | Reached skill level 1 in Staves
  1925 | D:2      | Reached skill level 1 in Slings
  1925 | D:2      | Reached skill level 1 in Bows
  1925 | D:2      | Reached skill level 1 in Crossbows
  1925 | D:2      | Reached skill level 1 in Throwing
  1925 | D:2      | Reached skill level 1 in Armour
  1925 | D:2      | Reached skill level 1 in Shields
  1925 | D:2      | Reached skill level 1 in Unarmed Combat
  1925 | D:2      | Reached skill level 1 in Evocations
  2205 | D:2      | Reached XP level 4. HP: 32/32 MP: 2/11
  2408 | D:2      | Learned a level 3 spell: Summon Guardian Golem
  2641 | D:2      | Reached skill level 1 in Conjurations
  2641 | D:2      | Reached skill level 1 in Hexes
  2641 | D:2      | Reached skill level 1 in Necromancy
  2641 | D:2      | Reached skill level 1 in Translocations
  2641 | D:2      | Reached skill level 1 in Transmutations
  2641 | D:2      | Reached skill level 1 in Fire Magic
  2641 | D:2      | Reached skill level 1 in Ice Magic
  2641 | D:2      | Reached skill level 1 in Air Magic
  2641 | D:2      | Reached skill level 1 in Earth Magic
  2641 | D:2      | Reached skill level 1 in Poison Magic
  2685 | D:2      | Reached ** piety under Vehumet
  2685 | D:2      | Offered knowledge of Poisonous Vapours by Vehumet.
  3485 | D:3      | Reached XP level 5. HP: 30/37 MP: 7/12
  3925 | D:3      | Found a white marble altar of Elyvilon.
  4368 | D:4      | Found a hazy altar of Hepliaklqana.
  4370 | D:4      | Found an ornate altar of the Wu Jian Council.
  4445 | D:4      | Noticed a phantom
  4467 | D:4      | Killed a phantom
  4468 | D:4      | Reached XP level 6. HP: 22/44 MP: 8/13
  4793 | D:4      | Noticed Blork the orc
  4807 | D:4      | Killed Blork the orc
  4808 | D:4      | Reached skill level 5 in Dodging
  5088 | D:4      | Reached XP level 7. HP: 50/50 MP: 10/15
  5208 | D:4      | You fall into a shaft and drop 2 floors!
  5250 | D:6      | Offered knowledge of Mephitic Cloud by Vehumet.
  5255 | D:6      | Learned a level 3 spell: Mephitic Cloud
  5545 | D:6      | Reached skill level 5 in Stealth
  5608 | D:6      | Reached XP level 8. HP: 53/57 MP: 5/16
  5613 | D:6      | Reached *** piety under Vehumet
  6596 | D:7      | Reached XP level 9. HP: 37/65 MP: 16/18
  6627 | D:7      | Offered knowledge of Frozen Ramparts by Vehumet.
  6683 | D:7      | Found a flagged portal.
  6704 | Bailey   | Entered a bailey
  6870 | Bailey   | Reached **** piety under Vehumet
  7319 | D:7      | You fall into a shaft and drop 1 floor!
  7327 | D:8      | Noticed a two-headed ogre
  7346 | D:8      | Learned a level 4 spell: Summon Lightning Spire
  7363 | D:8      | Noticed a four-headed hydra
  7369 | D:8      | Reached skill level 8 in Summonings
  7372 | D:8      | Killed a four-headed hydra
  7373 | D:8      | Reached skill level 5 in Invocations
  7379 | D:8      | Killed a two-headed ogre
  7380 | D:8      | Reached XP level 10. HP: 54/73 MP: 12/20
  7454 | D:8      | Reached skill level 5 in Fighting
  7454 | D:8      | Reached skill level 5 in Short Blades
  7454 | D:8      | Reached skill level 5 in Long Blades
  7454 | D:8      | Reached skill level 5 in Axes
  7454 | D:8      | Reached skill level 5 in Maces & Flails
  7454 | D:8      | Reached skill level 5 in Polearms
  7454 | D:8      | Reached skill level 5 in Staves
  7454 | D:8      | Reached skill level 5 in Slings
  7454 | D:8      | Reached skill level 5 in Bows
  7454 | D:8      | Reached skill level 5 in Crossbows
  7454 | D:8      | Reached skill level 5 in Throwing
  7454 | D:8      | Reached skill level 5 in Armour
  7454 | D:8      | Reached skill level 5 in Shields
  7454 | D:8      | Reached skill level 5 in Unarmed Combat
  7454 | D:8      | Reached skill level 5 in Evocations
  7589 | D:8      | Offered knowledge of Airstrike by Vehumet.
  7595 | D:8      | Learned a level 4 spell: Airstrike
  7825 | D:8      | Found Fimeg's Specific Store.
  7829 | D:8      | Found Bietoaje's General Store.
  8892 | D:9      | Noticed Grum
  8904 | D:9      | Killed Grum
  9381 | D:9      | Paralysed by a hornet for 3 turns
  9551 | D:9      | Reached ***** piety under Vehumet
  9553 | D:9      | Offered knowledge of Conjure Ball Lightning by Vehumet.
  9572 | D:9      | Learned a level 4 spell: Summon Ice Beast
  9643 | D:9      | Found a staircase to the Orcish Mines.
 10517 | D:10     | Entered Level 10 of the Dungeon
 10517 | D:10     | Noticed a death knight
 10517 | D:10     | Noticed a phantasmal warrior
 10582 | D:9      | Found a hide-covered altar of Uskayaw.
 10652 | D:9      | Found a staircase to the Lair.
 10758 | D:9      | Reached XP level 11. HP: 81/81 MP: 18/22
 10982 | Lair:1   | Entered Level 1 of the Lair of Beasts
 11133 | Lair:1   | Reached skill level 5 in Conjurations
 11133 | Lair:1   | Reached skill level 5 in Hexes
 11133 | Lair:1   | Reached skill level 5 in Necromancy
 11133 | Lair:1   | Reached skill level 5 in Translocations
 11133 | Lair:1   | Reached skill level 5 in Transmutations
 11133 | Lair:1   | Reached skill level 5 in Fire Magic
 11133 | Lair:1   | Reached skill level 5 in Ice Magic
 11133 | Lair:1   | Reached skill level 5 in Air Magic
 11133 | Lair:1   | Reached skill level 5 in Earth Magic
 11133 | Lair:1   | Reached skill level 5 in Poison Magic
 11355 | Lair:1   | Noticed Joseph
 11374 | Lair:1   | Killed Joseph
 11891 | Lair:1   | Reached skill level 9 in Summonings
 12303 | Lair:2   | Noticed a seven-headed hydra
 12317 | Lair:2   | Killed a seven-headed hydra
 12399 | Lair:2   | Found a staircase to the Shoals.
 12448 | Lair:2   | Found a hole to the Spider Nest.
 12895 | Lair:2   | Noticed an oklob plant
 13249 | Lair:2   | Reached XP level 12. HP: 89/89 MP: 14/24
 13328 | Lair:2   | Offered knowledge of Freezing Cloud by Vehumet.
 13561 | Lair:3   | Found a gate leading to a gauntlet.
 13572 | Gauntlet | Entered a Gauntlet
 13572 | Gauntlet | Found a transporter.
 13572 | Gauntlet | Found a large runed translucent door.
 13572 | Gauntlet | Found a large runed translucent door.
 13572 | Gauntlet | Found a large runed translucent door.
 13572 | Gauntlet | Found a large runed translucent door.
 13572 | Gauntlet | Found a runed translucent door.
 13572 | Gauntlet | Found a runed translucent door.
 13572 | Gauntlet | Found a large runed translucent door.
 13572 | Gauntlet | Found a large runed translucent door.
 13572 | Gauntlet | Found a large runed translucent door.
 13572 | Gauntlet | Found a large runed translucent door.
 13572 | Gauntlet | Found a large runed translucent door.
 13572 | Gauntlet | Found a large runed translucent door.
 13576 | Gauntlet | Found a large runed translucent door.
 13576 | Gauntlet | Found a large runed translucent door.
 13588 | Gauntlet | Found a transporter.
 13599 | Gauntlet | Found a transporter.
 13602 | Gauntlet | Noticed a wretched star
 13604 | Gauntlet | Found a transporter.
 13619 | Gauntlet | Found a transporter.
 13638 | Gauntlet | Found a transporter.
 13650 | Gauntlet | Found a transporter.
 13653 | Gauntlet | Noticed a dire elephant
 13662 | Gauntlet | Found a transporter.
 13674 | Gauntlet | Found a transporter.
 13686 | Gauntlet | Found a transporter.
 13703 | Gauntlet | Found a transporter.
 13721 | Gauntlet | Found a transporter.
 13723 | Gauntlet | Found a transporter.
 13741 | Gauntlet | Found a large runed translucent door.
 13742 | Gauntlet | Found a large runed translucent door.
 13746 | Gauntlet | Found a runed translucent gate.
 13746 | Gauntlet | Found a runed translucent gate.
 13746 | Gauntlet | Found a runed translucent gate.
 13748 | Gauntlet | Found a transporter.
 13750 | Gauntlet | Found a transporter.
 13756 | Gauntlet | Found a large runed translucent door.
 13757 | Gauntlet | Found a large runed translucent door.
 13770 | Gauntlet | Found a transporter.
 13848 | Gauntlet | Found a transporter.
 14104 | Gauntlet | Found a transporter.
 14364 | Gauntlet | Noticed a five-headed hydra
 14366 | Gauntlet | Noticed an ironbound thunderhulk
 14366 | Gauntlet | Noticed a cyan very ugly thing
 14366 | Gauntlet | Noticed an ironbound thunderhulk
 14369 | Gauntlet | Noticed a death scarab
 14369 | Gauntlet | Noticed a death scarab
 14369 | Gauntlet | Noticed a death scarab
 14369 | Gauntlet | Noticed a death scarab
 14369 | Gauntlet | Noticed a death scarab
 14371 | Gauntlet | Noticed a white very ugly thing
 14371 | Gauntlet | Noticed a cyan very ugly thing
 14371 | Gauntlet | Noticed an ironbound thunderhulk
 14826 | Gauntlet | HP: 3/91 [dire elephant (4)]
 14826 | Gauntlet | Killed by an exploding themself... ignited by their inner
                  | flame

Illustrated notes

Levels and vault maps discovered:
D:1:      dpeg_arrival_shelter, layout_loops_cross,
          shapermc_ecumenical_altar_pompeii, serial_shops,
          nicolae_lakefront_shop
D:2:      layout_rooms
D:3:      layout_loops_ring, nicolae_overflow_crystal_walls
D:4:      layout_layer_cave, nicolae_overflow_hidden_temple, dk_noncrumbling_3,
          supply_closet_lemuel, uniq_blork_the_orc
D:6:      layout_basic
D:7:      layout_loops_ring, old_standard_altar, lemuel_temple_firewalk_b,
          enter_bailey_4, minmay_fire_ice_demons, uniq_pikel
D:8:      layout_loops_cross, nicolae_specific_store, minmay_misc_feat_room,
          minmay_manual_monstrance
D:9:      layout_roguey, lemuel_crystal_altar, erik_lair_island,
          zombieorc2_lemuel, uniq_grum
D:10:     layout_basic, lemuel_crystal_altar, mainiacjoe_overflow_boulevard
Lair:1:   layout_concentric_octagons, lemuel_fruit_fields, uniq_joseph
Lair:2:   layout_cave_pods, shoals_dummy_entry, nicolae_spider_entry_non_spiders
Lair:3:   layout_chaotic_city, gauntlet_entry_generic,
          kennysheep_abandoned_house
Gauntlet: gammafunk_gauntlet_one_two_three
          [minmay_gauntlet_arena_make_your_own_arena,
          gammafunk_gauntlet_arena_chambers, gammafunk_gauntlet_arena_corners,
          nicolae_gauntlet_arena_t_cross, nicolae_gauntlet_arena_blocks,
          nicolae_gauntlet_arena_flowing_pool, gammafunk_gauntlet_arena_split_x,
          gammafunk_gauntlet_arena_crates, nicolae_gauntlet_arena_x,
          gauntlet_exit_green]

Skill      XL: |  1  2  3  4  5  6  7  8  9 10 11 12 |
---------------+-------------------------------------+-----
Spellcasting   | 5 6 7 8 |  8.7
Invocations    | 1 2 3 4 5 6 7 |  7.7
Fighting       | 1 2 3 4 5 6 7 |  7.0
Short Blades   | 1 2 3 4 5 6 7 |  7.0
Long Blades    | 1 2 3 4 5 6 7 |  7.0
Axes           | 1 2 3 4 5 6 7 |  7.0
Maces & Flails | 1 2 3 4 5 6 7 |  7.0
Polearms       | 1 2 3 4 5 6 7 |  7.0
Staves         | 1 2 3 4 5 6 7 |  7.0
Slings         | 1 2 3 4 5 6 7 |  7.0
Bows           | 1 2 3 4 5 6 7 |  7.0
Crossbows      | 1 2 3 4 5 6 7 |  7.0
Throwing       | 1 2 3 4 5 6 7 |  7.0
Armour         | 1 2 3 4 5 6 7 |  7.0
Shields        | 1 2 3 4 5 6 7 |  7.0
Unarmed Combat | 1 2 3 4 6 8 |  8.6
Evocations     | 1 2 3 4 5 6 7 |  7.0
Conjurations   | 1 2 3 4 5 |  5.8
Hexes          | 1 2 3 4 5 |  5.8
Necromancy     | 1 2 3 4 5 |  5.8
Translocations | 1 2 3 4 5 |  5.8
Transmutations | 1 2 3 4 5 |  5.8
Fire Magic     | 1 2 3 4 5 |  5.8
Ice Magic      | 1 2 3 4 5 |  5.8
Air Magic      | 1 2 3 4 5 |  5.8
Earth Magic    | 1 2 3 4 5 |  5.8
Poison Magic   | 1 2 3 4 5 |  5.8
Dodging        | 5 6 7 8 |  8.5
Stealth        | 5 6 7 8 |  8.2
Summonings     | 8 9 |  9.3

Action                   |  1- 3 |  4- 6 |  7- 9 | 10-12 || total
-------------------------+-------+-------+-------+-------++-------
Melee: Staff             |    78 |   100 |    48 |       ||   226
       Bite              |     5 |     7 |    13 |    15 ||    40
       Mace              |       |       |    31 |   104 ||   135
       Punch             |       |       |     1 |     3 ||     4
       Quarterstaff      |       |       |       |    60 ||    60
 Cast: Summon Small Mamm |    23 |    36 |     8 |     1 ||    68
       Call Imp          |     8 |    19 |    16 |    14 ||    57
       Call Canine Famil |     4 |    19 |    23 |    28 ||    74
       Summon Guardian G |       |     8 |    19 |    33 ||    60
       Mephitic Cloud    |       |       |     5 |     1 ||     6
       Summon Lightning  |       |       |     1 |    48 ||    49
       Summon Ice Beast  |       |       |       |    31 ||    31
       Airstrike         |       |       |       |     6 ||     6
  Use: Scroll            |       |       |       |     6 ||     6
       Potion            |       |       |       |     2 ||     2
 Stab: Sleeping          |     6 |     4 |     1 |     2 ||    13
       Confused          |       |       |     3 |       ||     3
       Distracted        |       |       |     1 |     4 ||     5
Armor: Robe              |     5 |    29 |    40 |    64 ||   138
Dodge: Dodged            |    55 |    89 |    94 |   198 ||   436

Table legend: (Time is in decaauts)
 A = Elapsed time spent in this place.
 B = Non-inter-level travel time spent in this place.
 C = Inter-level travel time spent in this place.
 D = Time resting spent in this place.
 E = Time spent auto-exploring this place.
 F = Levels seen in this place.
 G = Mean time per level.
                   A        B        C        D        E       F      G
               +--------+--------+--------+--------+--------+-----+--------+
         Total |  14887 |  14347 |    540 |    441 |  11097 |  14 | 1063.4 |
       Dungeon |  10777 |  10355 |    422 |     73 |   8589 |   9 | 1197.4 |
          Lair |   2589 |   2471 |    118 |      0 |   2133 |   3 |  863.0 |
        Bailey |    256 |    256 |      0 |      0 |    126 |   1 |  256.0 |
      Gauntlet |   1264 |   1264 |      0 |    368 |    249 |   1 | 1264.0 |
               +--------+--------+--------+--------+--------+-----+--------+

Top non-repeatable levels by time:
     D:9: 2177 daAuts
     D:2: 1513 daAuts
     D:8: 1498 daAuts
     D:1: 1462 daAuts
  Lair:2: 1412 daAuts
Gauntlet: 1264 daAuts
     D:3: 1236 daAuts
     D:6: 1187 daAuts
  Lair:1: 1112 daAuts
     D:4: 1018 daAuts
     D:7: 680 daAuts
  Bailey: 256 daAuts
  Lair:3: 64 daAuts
    D:10: 1 daAuts
